 Dungeon Crawl Stone Soup version 0.29-a0-275-g389c0b56f3 (webtiles) character file.

Game seed: 18092253001028640931

63261 sammy202020 the Warrior (level 14, -1/202 HPs)
             Began as a Minotaur Berserker on Mar 13, 2022.
             Was a High Priest of Trog.
             Killed from afar by an acid blob (28 damage)
             ... with a splash of acid
             ... on level 1 of the Pits of Slime.
             The game lasted 00:44:33 (15837 turns).

sammy202020 the Warrior (Minotaur Berserker)       Turns: 15837, Time: 00:44:35

Health: -1/202     AC:  0    Str: 22    XL:     14   Next: 67%
Magic:  21/21      EV:  8    Int: 15    God:    Trog [*****.]
Gold:   1651       SH: 20    Dex: 11    Spells: 13/13 levels left

rFire   + . .      SeeInvis +   C - +5 war axe (vorpal)
rCold   + . .      Faith    .   e - +3 tower shield
rNeg    . . .      Spirit   .   l - +0 plate armour
rPois   +          Reflect  .   b - +3 hat of Pondering {ponderous, Will+ MP+10 Int+5}
rElec   +          Harm     .   Y - +2 cloak {Stlth+}
rCorr   .          Rampage  .   B - +1 pair of gloves {hurl}
Will    ++++.                   O - +0 pair of boots
Stlth   ..........              f - amulet of regeneration
HPRegen 2.23/turn               j - ring "Soemin Hual" {rElec rPois rF+ rC+ Int+2}
MPRegen 0.17/turn               I - ring of see invisible

@: berserking, strong-willed, corroded, regenerating, very quick
A: horns 2, retaliatory headbutt, beak, low MP 1, evolution 1
a: Renounce Religion, Berserk, Trog's Hand, Brothers in Arms


You were on level 1 of the Pits of Slime.
You worshipped Trog.
Trog was extremely pleased with you.
You visited 3 branches of the dungeon, and saw 17 of its levels.
You also visited: Ice Cave.

You collected 1651 gold pieces.

Inventory:

Hand Weapons
 C - a +5 vorpal war axe (weapon)
 E - a +5 flail of protection
 K - the +8 war axe of the Sea {spect, Fragile rN+++ rCorr Str-4}
   (You found it in an ice cave)

   When its wielder attacks, the weapon's spirit leaps out and strikes again.
   The spirit shares a part of any damage it takes with its wielder.
   Str:       It affects your strength (-4).
   rN:        It renders you almost immune to negative energy.
   rCorr:     It protects you from acid and corrosion.
   Fragile:   It will be destroyed if unequipped.
 Q - the +6 great sword "Jimostoe" {vorpal, rC+ Will+}
   (You found it on level 2 of the Lair of Beasts)

   It inflicts extra damage upon your enemies.
   rC:        It protects you from cold.
   Will:      It increases your willpower.
 W - a +1 broad axe
Missiles
 a - a throwing net
 o - 5 javelins (quivered)
 s - 32 poisoned darts
 t - 3 curare-tipped darts
 w - 5 atropa-tipped darts
 x - 9 boomerangs
Armour
 b - the +3 hat of Pondering (worn) {ponderous, Will+ MP+10 Int+5}
   (You found it on level 2 of the Dungeon)

   Int:       It affects your intelligence (+5).
   MP:        It affects your magic capacity (+10).
   Will:      It increases your willpower.
 e - a +3 tower shield (worn)
 l - a +0 plate armour (worn)
 B - a +1 pair of gloves of hurling (worn)
 F - the +9 ring mail of Cuysoiph {Fly rElec rF- Will++ Dex+2}
   (You found it on level 8 of the Dungeon)

   Dex:       It affects your dexterity (+2).
   rF:        It makes you vulnerable to fire.
   rElec:     It insulates you from electricity.
   Fly:       It grants you flight.
   Will:      It greatly increases your willpower.
 O - a +0 pair of boots (worn)
 S - a +1 hat
 Y - a +2 cloak of stealth (worn)
Jewellery
 d - a ring of protection from fire
 f - an amulet of regeneration (around neck)
 j - the ring "Soemin Hual" (left hand) {rElec rPois rF+ rC+ Int+2}
   (You found it on level 2 of the Dungeon)

   [ring of protection from fire]

   Int:       It affects your intelligence (+2).
   rF:        It protects you from fire.
   rC:        It protects you from cold.
   rElec:     It insulates you from electricity.
   rPois:     It protects you from poison.
 n - a ring of flight
 I - a ring of see invisible (right hand)
 T - a ring of resist corrosion
Wands
 m - a wand of flame (44)
 J - a wand of digging (7)
 L - a wand of iceblast (4)
 P - a wand of acid (8)
 R - a wand of mindburst (11)
 U - a wand of paralysis (5)
Scrolls
 g - a scroll of magic mapping
 h - 3 scrolls of blinking
 q - 3 scrolls of fear
 y - 7 scrolls of teleportation
 G - a scroll of enchant weapon
 V - a scroll of fog
Potions
 c - 3 potions of might
 i - 2 potions of flight
 k - a potion of ambrosia {unknown}
 p - 3 potions of heal wounds
 u - a potion of haste
 v - 8 potions of curing
 z - a potion of invisibility
 A - 2 potions of magic
 D - 2 potions of mutation
 H - a potion of resistance
 M - a potion of berserk rage
 N - a potion of brilliance
Miscellaneous
 r - a phantom mirror


   Skills:
 * Level 15.2 Fighting
 * Level 15.2 Axes
 * Level 15.0 Armour
 + Level 10.1 Dodging
 * Level 14.7 Shields


You had 13 spell levels left.
You didn't know any spells.
Your spell library was empty.

Dungeon Overview and Level Annotations

Branches:
Dungeon (10/15)            Temple (0/1) D:4            Lair (6/6) D:10
 Shoals (0/4) Lair:4       Spider (0/4) Lair:4        Slime (1/5) Lair:6
  IceCv (visited)
    Orc: D:9-12

Altars:
Ashenzari
Dithmenos
Fedhas
Hepliaklqana
Makhleb
Qazlal
Sif Muna
Wu Jian
Jiyva

Shops:
D:2 :


Innate Abilities, Weirdness & Mutations

You have a pair of horns on your head.
You reflexively headbutt those who attack you in melee.
You have a beak for a mouth.
Your magical capacity is low. (-10% MP)
You have hidden genetic potential.


Message History

You hit the acid blob but do no damage.
Your hands burn!
* * * LOW HITPOINT WARNING * * *
Your headbutt misses the acid blob.
The acid blob is lightly wounded.
The acid blob spits acid at you. The splash of acid misses you.
You hit the acid blob.
Your hands burn!
* * * LOW HITPOINT WARNING * * *
You peck the acid blob, but do no damage.
The acid blob is lightly wounded.
The acid blob hits you but does no damage.
You slice the acid blob!!
Your hands burn!
* * * LOW HITPOINT WARNING * * *
The acid blob is heavily wounded.
The acid blob hits you.
* * * LOW HITPOINT WARNING * * *
You are splashed with acid!
* * * LOW HITPOINT WARNING * * *
Your skin crawls.
You feel strong-willed. You block the acid blob's attack.
A red film seems to cover your vision as you go berserk!
You feel yourself moving faster!
You feel mighty! The acid blob spits acid at you. You block the splash of acid.
You slice the acid blob!!
Your hands burn!
* * * LOW HITPOINT WARNING * * *
You peck the acid blob!
The acid blob is severely wounded.
The acid blob spits acid at you. The splash of acid hits you!
* * * LOW HITPOINT WARNING * * *
The acid corrodes you!
You slash the acid blob! The acid corrodes you!
Your hands burn!
* * * LOW HITPOINT WARNING * * *
You headbutt the acid blob, but do no damage.
The acid blob is almost dead.
The acid blob spits acid at you. The splash of acid hits you!!
You die...

...#####.............##
..##.#.#..........#.###
......................##
............#.....#....#
.........>........###.##
.................## .##
..................#...#
.............#.....#
#.#....#...##...@J.#
##.......<............#
#..................#..#
##........#.............
##.........##...##.##.#.
#.......#.####.## .# ..
#.......### ### .. .
....##...# .##
#...###.##


You could see an acid blob.

Vanquished Creatures
  Gastronok (Lair:3)
  An azure jelly (Slime:1)
  A fire dragon (Lair:6)
  3 catoblepae
  7 hydras
  8 death yaks
  The ghost of bronco the Summoner, a novice HuSu (D:8)
  Nergalle (Lair:2)
  The ghost of frimble the Magician, a novice DjCA of Ignis (D:10)
  3 lindwurms (Lair:6)
  A wizard (D:7)
  A swamp dragon (Lair:6)
  An ugly thing (IceCv)
  An orc sorcerer (D:7)
  A manticore (Lair:6)
  15 elephants
  4 black mambas
  2 ice statues (IceCv)
  2 torpor snails (Lair:6)
  Maggie (D:6)
  15 cane toads
  10 komodo dragons
  12 rime drakes
  A freezing wraith (IceCv)
  A meliai (Lair:4)
  2 polar bears (Lair:2)
  20 blink frogs
  17 slime creatures (Slime:1)
  A snapping turtle (Lair:4)
  11 dream sheep (Lair:6)
  Sigmund (D:4)
  A shadow (D:10)
  3 spriggans (D:8)
  23 yaks
  5 wyverns
  4 golden eyes (Slime:1)
  11 steam dragons
  6 basilisks
  A death yak simulacrum (Lair:1)
  Menkaure (D:6)
  4 acid dragons
  Duvessa (D:7)
  21 water moccasins
  7 black bears
  2 swamp drakes (Lair:6)
  2 orc warriors
  2 ice beasts (D:7)
  A sky beast (D:8)
  An ogre (D:5)
  3 wolves
  5 centaurs
  4 phantoms
  2 gnoll sergeants
  12 bullfrogs
  3 necrophages
  3 cane toad simulacra (IceCv)
  2 scorpions
  12 wights
  Dowan (D:7)
  10 killer bees
  4 electric eels
  A howler monkey (D:8)
  3 orc priests
  5 hounds
  2 jellies
  5 iguanas
  3 orc wizards
  3 hell rats
  A wolf simulacrum (IceCv)
  Robin (D:2)
  12 gnolls
  4 adders
  8 river rats
  2 white imps
  A worm (D:4)
  4 dart slugs
  15 orcs
  8 ball pythons
  8 endoplasms
  6 giant cockroaches
  6 hobgoblins
  3 quokkas
  6 bats
  4 frilled lizards
  18 goblins
  2 kobolds (D:1)
  5 rats
440 creatures vanquished.

Vanquished Creatures (collateral kills)
  A dire elephant (Lair:6)
  A death yak (Lair:6)
  A manticore (Lair:6)
3 creatures vanquished.

Vanquished Creatures (others)
  A steam dragon (Lair:2)
  15 fungi
  64 plants
  5 withered plants (D:1)
85 creatures vanquished.

Grand Total: 528 creatures vanquished

Notes
Turn   | Place    | Note
-------+----------+-------------------------------------------
     0 | D:1      | sammy202020 the Minotaur Berserker began the quest for the
                  | Orb.
     0 | D:1      | Reached XP level 1. HP: 19/19 MP: 0/0
   194 | D:1      | Reached XP level 2. HP: 27/27 MP: 1/1
   370 | D:1      | Reached XP level 3. HP: 33/33 MP: 2/2
   415 | D:1      | Found a faded altar of an unknown god.
   907 | D:2      | Found the +3 hat of Pondering {ponderous, Will+ MP+10
                  | Int+5}
   924 | D:2      | Noticed Robin
   943 | D:2      | Killed Robin
  1200 | D:2      | Reached ** piety under Trog
  1364 | D:2      | Identified the ring "Soemin Hual" {rElec rPois rF+ rC+
                  | Int+2}
  1449 | D:2      | Reached XP level 4. HP: 41/41 MP: 3/3
  1484 | D:2      | Found Paxis's Book Emporium.
  1738 | D:3      | Found a shimmering blue altar of Sif Muna.
  1775 | D:3      | Reached skill level 1 in Shields
  2278 | D:4      | Found a staircase to the Ecumenical Temple.
  2286 | D:4      | Reached XP level 5. HP: 47/47 MP: 4/4
  2368 | D:4      | Found a burning altar of Makhleb.
  2385 | D:4      | Noticed Sigmund
  2386 | D:4      | You are sucked into a shaft and drop 2 floors!
  2441 | D:6      | Noticed a centaur
  2454 | D:6      | Killed a centaur
  2455 | D:6      | Reached skill level 5 in Fighting
  2455 | D:6      | Reached skill level 5 in Axes
  2455 | D:6      | Reached XP level 6. HP: 40/56 MP: 5/5
  2631 | D:5      | Entered Level 5 of the Dungeon
  2722 | D:5      | Identified the +5 dagger of Kismet {freeze, +Blink rC+ rN+}
  2764 | D:5      | Reached XP level 7. HP: 61/61 MP: 6/6
  2839 | D:5      | Identified the +2 dagger "Dragonslayer" {chaos, rF+ Will+}
  2875 | D:4      | Reached skill level 5 in Armour
  3298 | D:4      | Killed Sigmund
  3298 | D:4      | Reached *** piety under Trog
  3776 | D:6      | Noticed Menkaure
  3784 | D:6      | Killed Menkaure
  3785 | D:6      | Reached XP level 8. HP: 45/71 MP: 7/7
  4134 | D:6      | Reached skill level 5 in Shields
  4563 | D:6      | Noticed Maggie
  4576 | D:6      | Killed Maggie
  4986 | D:7      | Found a hazy altar of Hepliaklqana.
  5099 | D:7      | Reached XP level 9. HP: 56/78 MP: 8/8
  5302 | D:7      | Reached skill level 5 in Dodging
  5321 | D:7      | Noticed Duvessa
  5324 | D:7      | Noticed Dowan
  5328 | D:7      | Killed Duvessa
  5330 | D:7      | Killed Dowan
  5376 | D:7      | Noticed a wizard
  5384 | D:7      | Noticed an orc sorcerer
  5387 | D:7      | Killed a wizard
  5393 | D:7      | Gained mutation: You are occasionally teleported next to
                  | monsters. [a neqoxec]
  5394 | D:7      | Killed an orc sorcerer
  6271 | D:8      | Reached XP level 10. HP: 91/91 MP: 9/9
  6275 | D:8      | Found a shadowy altar of Dithmenos.
  6356 | D:8      | Found a runed translucent door.
  6365 | D:8      | Noticed bronco's ghost (novice HuSu)
  6365 | D:8      | Identified the +6 spear of Subjectivity {vorpal, *Slow
                  | rCorr Str+4}
  6774 | D:8      | Reached **** piety under Trog
  6836 | D:8      | Identified the +9 ring mail of Cuysoiph {Fly rElec rF-
                  | Will++ Dex+2}
  7026 | D:8      | Killed bronco's ghost
  7169 | D:9      | Found a stormy altar of Qazlal.
  7503 | D:9      | Reached skill level 10 in Fighting
  7546 | D:9      | Reached skill level 10 in Axes
  7699 | D:9      | Found a blossoming altar of Fedhas.
  7701 | D:9      | Found a broken altar of Ashenzari.
  7827 | D:9      | Found an ornate altar of the Wu Jian Council.
  7851 | D:10     | Entered Level 10 of the Dungeon
  8086 | D:10     | Noticed a death yak
  8087 | D:10     | Noticed a death yak
  8091 | D:10     | Noticed a death yak
  8107 | D:10     | Killed a death yak
  8108 | D:10     | Reached skill level 10 in Armour
  8108 | D:10     | Reached XP level 11. HP: 54/101 MP: 10/10
  8108 | D:10     | Killed a death yak
  8113 | D:10     | Killed a death yak
  8132 | D:10     | Found a staircase to the Lair.
  8312 | D:10     | Found a runed translucent door.
  8315 | D:10     | Noticed frimble's ghost (novice DjCA)
  8329 | D:10     | Killed frimble's ghost
  8392 | Lair:1   | Entered Level 1 of the Lair of Beasts
  8503 | Lair:1   | Found a frozen archway.
  8508 | Lair:1   | Reached skill level 10 in Shields
  8536 | IceCv    | Entered an ice cave
  8539 | IceCv    | Found a transporter.
  8552 | IceCv    | Noticed a white ugly thing
  8559 | IceCv    | Identified the +8 war axe of the Sea {spect, Fragile rN+++
                  | rCorr Str-4}
  8574 | IceCv    | Found a transporter.
  8713 | IceCv    | Killed a white ugly thing
  9953 | Lair:2   | Noticed a six-headed hydra
  9959 | Lair:2   | Killed a six-headed hydra
  9960 | Lair:2   | Reached XP level 12. HP: 112/112 MP: 11/11
 10034 | Lair:2   | Noticed Nergalle
 10065 | Lair:2   | Killed Nergalle
 10341 | Lair:2   | Reached ***** piety under Trog
 10409 | Lair:2   | Noticed a catoblepas
 10433 | Lair:2   | Killed a catoblepas
 10530 | Lair:2   | Noticed a death yak
 10550 | Lair:2   | Killed a death yak
 10587 | Lair:2   | Noticed a death yak
 10587 | Lair:2   | Noticed a death yak
 10610 | Lair:2   | Killed a death yak
 10611 | Lair:2   | Killed a death yak
 11027 | Lair:2   | Identified the +6 great sword "Jimostoe" {vorpal, rC+
                  | Will+}
 11343 | Lair:3   | Reached XP level 13. HP: 122/122 MP: 12/12
 11348 | Lair:3   | Lost mutation: You are occasionally teleported next to
                  | monsters. [potion of mutation]
 11348 | Lair:3   | Gained mutation: Your magical capacity is low. (-10% MP)
                  | [potion of mutation]
 11348 | Lair:3   | Gained mutation: You have hidden genetic potential. [potion
                  | of mutation]
 11348 | Lair:3   | Gained mutation: You have a beak for a mouth. [potion of
                  | mutation]
 11357 | Lair:3   | Noticed Gastronok
 11377 | Lair:3   | Killed Gastronok
 12443 | Lair:4   | Found a hole to the Spider Nest.
 12841 | Lair:4   | Found a staircase to the Shoals.
 13796 | Lair:5   | Identified the +5 falchion of Bapaoz {protect, rF+ rC- rN++
                  | Dex+3}
 14081 | Lair:6   | Entered Level 6 of the Lair of Beasts
 14133 | Lair:6   | Found a viscous altar of Jiyva.
 14133 | Lair:6   | Found a staircase to the Slime Pits.
 14190 | Lair:6   | Reached XP level 14. HP: 70/133 MP: 11/11
 14384 | Lair:6   | Received a gift from Trog
 15031 | Lair:6   | Reached skill level 15 in Fighting
 15084 | Lair:6   | Reached skill level 15 in Axes
 15135 | Lair:6   | Identified the +1 flail of Pain and Death {antimagic, rCorr
                  | Dex+6}
 15425 | Lair:6   | Identified the ring "Diutteo" {rC++ Int+6 Dex+3 Slay-2}
 15557 | Slime:1  | Entered Level 1 of the Pits of Slime
 15579 | Slime:1  | Reached skill level 10 in Dodging
 15659 | Slime:1  | Noticed an azure jelly
 15671 | Slime:1  | Killed an azure jelly
 15672 | Slime:1  | Reached skill level 15 in Armour
 15823 | Slime:1  | Noticed an acid blob
 15837 | Slime:1  | Killed from afar by an acid blob

Illustrated notes

Levels and vault maps discovered:
D:1:      doesnt_arrival_eight_statues, layout_rooms,
          shapermc_ecumenical_altar_flowoftime, kennysheep_doodads
D:2:      layout_rooms, serial_shops, nicolae_shop_statue_plus,
          mrwooster_statue_mirror, uniq_robin
D:3:      minmay_door_path, layout_basic,
          mainiacjoe_overflow_concentric_impassable
D:4:      layout_rooms, lightli_temple_of_fire, minmay_temple_entry_large_hall,
          minmay_misc_feat_x, uniq_sigmund
D:5:      layout_cave_pools, portal_sewer_entry_d
D:6:      layout_loops_corners, uniq_maggie, uniq_menkaure
D:7:      cheibrodos_wizards_tower, layout_layer_cave, kennysheep_flooded_box,
          chequers_arboretum, uniq_duvessa
D:8:      layout_loops_ring, grunt_dithmenos_shadows,
          ebering_ghost_funeral_grove, chequers_serial_rivers_micro_d
D:9:      layout_basic, kennysheep_mini, nicolae_overflow_hidden_temple
D:10:     layout_rooms, dpeg_lair_monsters, ebering_ghost_reflecting_pool,
          serial_bayou_lagoon_b
Lair:1:   layout_concentric_octagons, portal_ice_cave_entry_ice_simulacra,
          beast_lair_carwin_1, grunt_megastairs_5
Lair:2:   layout_gridlike, bobbens_dragon_lair_wall, grunt_megastairs_3,
          uniq_nergalle
Lair:3:   layout_big_grid, st_stairs_11, kennysheep_rathole,
          serial_bayou_shore_b, uniq_gastronok
Lair:4:   layout_cave_pods, minmay_shoals_entry_hut,
          hellmonk_spider_entry_not_the_bees
Lair:5:   layout_small_grid, infiniplex_staircase_pool
Lair:6:   guppyfry_lair_end_dragon, layout_concentric_octagons,
          hangedman_lair_in_review, slime_altar_1, nicolae_lair_lindhole
Slime:1:  layout_caves

Skill      XL: |  1  2  3  4  5  6  7  8  9 10 11 12 13 14 |
---------------+-------------------------------------------+-----
Fighting       | 4 5 6 7 9 10 11 13 14 15 | 15.2
Axes           | 4 5 6 7 9 10 11 13 14 15 | 15.2
Armour         | 3 4 5 7 8 10 11 12 14 15 | 15.0
Shields        | 1 2 3 4 6 7 9 10 12 13 14 | 14.7
Dodging        | 3 4 5 6 7 8 9 10 | 10.1

Action                   |  1- 3 |  4- 6 |  7- 9 | 10-12 | 13-15 || total
-------------------------+-------+-------+-------+-------+-------++-------
Melee: Hand axe          |    89 |    93 |   111 |       |       ||   293
       Headbutt          |    13 |    17 |    33 |    97 |   134 ||   294
       War axe           |       |       |    61 |   495 |   459 ||  1015
       Flail             |       |       |       |     5 |   121 ||   126
       Peck              |       |       |       |       |   145 ||   145
Invok: Berserk           |     1 |       |     2 |     8 |     5 ||    16
       Trog's Hand       |       |       |       |     9 |     7 ||    16
       Brothers in Arms  |       |       |       |       |     1 ||     1
  Use: Scroll            |       |     7 |     8 |     9 |     3 ||    27
       Potion            |       |       |       |     5 |     1 ||     6
 Stab: Petrified         |       |       |       |       |     3 ||     3
Armor: Animal skin       |     7 |       |       |       |       ||     7
       Ring mail         |    11 |       |       |       |       ||    11
       Plate armour      |     7 |    68 |    85 |   346 |   416 ||   922
Dodge: Dodged            |    41 |    35 |    20 |   129 |   150 ||   375
Block: Buckler           |     6 |    20 |     4 |       |       ||    30
       Tower shield      |       |       |   134 |   579 |   653 ||  1366

Table legend: (Time is in decaauts)
 A = Elapsed time spent in this place.
 B = Non-inter-level travel time spent in this place.
 C = Inter-level travel time spent in this place.
 D = Time resting spent in this place.
 E = Time spent auto-exploring this place.
 F = Levels seen in this place.
 G = Mean time per level.
                   A        B        C        D        E       F      G
               +--------+--------+--------+--------+--------+-----+--------+
         Total |  17273 |  16903 |    370 |   1244 |  10990 |  18 |  959.6 |
       Dungeon |   9143 |   8773 |    370 |    385 |   6260 |  10 |  914.3 |
          Lair |   7417 |   7417 |      0 |    577 |   4588 |   6 | 1236.2 |
    Slime Pits |    295 |    295 |      0 |      0 |    141 |   1 |  295.0 |
      Ice Cave |    416 |    416 |      0 |    281 |      0 |   1 |  416.0 |
               +--------+--------+--------+--------+--------+-----+--------+

Top non-repeatable levels by time:
  Lair:6: 1625 daAuts
     D:6: 1559 daAuts
     D:7: 1487 daAuts
  Lair:2: 1398 daAuts
  Lair:1: 1291 daAuts
  Lair:4: 1135 daAuts
  Lair:5: 1056 daAuts
     D:8: 1049 daAuts
     D:1: 914 daAuts
  Lair:3: 910 daAuts
     D:4: 776 daAuts
     D:9: 765 daAuts
     D:2: 752 daAuts
     D:3: 626 daAuts
    D:10: 625 daAuts
